 Dungeon Crawl Stone Soup version 0.32-a0-172-gc5dd13f2a7 (webtiles) character file.

Game seed: 17163320520508831976

1015 lunkers the Firebug (level 8, -2/63 (67) HPs)
             Began as an Oni Fire Elementalist on Feb 12, 2024.
             Was an Initiate of Sif Muna.
             Slain by a centaur (5 damage)
             ... on level 5 of the Dungeon.
             The game lasted 00:10:49 (5033 turns).

lunkers the Firebug (Oni Fire Elementalist)         Turns: 5033, Time: 00:10:49

HP:   -2/63 (67)    AC:  5    Str: 13    XL:     8   Next: 21%
MP:   1/17          EV:  9    Int: 18    God:    Sif Muna [......]
Gold: 611           SH:  0    Dex:  9    Spells: 12/19 levels left

rFire   + . .        a - staff of fire
rCold   . . .        (no shield)
rNeg    . . .        c - +0 robe
rPois   .            (helmet restricted)
rElec   .            i - +1 cloak
rCorr   .            (gloves unavailable)
SInv    .            (boots unavailable)
Will    .....        (no amulet)
Stlth   +            (no ring)
HPRegen 0.30/turn    (no ring)
MPRegen 0.15/turn

%: no passive effects
@: weakened, very slightly contaminated, drained
A: large, unfitting armour, horns 1, tough skin 1, double potion healing,
drunken brawling
a: Renounce Religion


You were on level 5 of the Dungeon.
You worshipped Sif Muna.
Sif Muna was noncommittal.
You visited 1 branch of the dungeon, and saw 5 of its levels.

You collected 611 gold pieces.

Inventory:

Hand Weapons
 e - a +2 dagger of venom
 k - a +2 short sword of electrocution
Missiles
 j - a throwing net
Armour
 c - a +0 robe (worn)
 i - a +1 cloak (worn)
Magical Staves
 a - a staff of fire (weapon)
Wands
 d - a wand of quicksilver (7)
 n - a wand of polymorph (10)
 p - a wand of iceblast (9)
Scrolls
 f - a scroll of enchant weapon
Potions
 b - a potion of magic
 g - a potion of haste
 h - a potion of invisibility {unknown}
 l - a potion of lignification
 m - a potion of attraction {unknown}


   Skills:
 - Level 1.7 Dodging
 - Level 1.4 Stealth
 + Level 6.3 Spellcasting
 - Level 0.8 Conjurations
 * Level 7.4 Fire Magic


You had 12 spell levels left.
You knew the following spells:

 Your Spells              Type           Power      Damage    Failure   Level
b - Scorch                Fire           96%        2d9       1%          2
c - Flame Wave            Conj/Fire      31%        2d9       21%         4
p - Foxfire               Conj/Fire      100%       2x1d9     1%          1

Your spell library contained the following spells:

 Spells                   Type           Power      Damage    Failure   Level
 Inner Flame              Hex/Fire       28%        N/A       8%          3
 Volatile Blastmotes      Fire/Tloc      56%        2d14      8%          3
 Magic Dart               Conj           32%        1d4       9%          1
 Blink                    Tloc           10%        N/A       17%         2
 Call Imp                 Summ           10%        N/A       17%         2
 Summon Ice Beast         Ice/Summ       5%         N/A       34%         3
 Summon Mana Viper        Hex/Summ       5%         N/A       97%         5
 Starburst                Conj/Fire      15%        6d6       97%         6
 Plasma Beam              Fire/Air       14%        2x1d25    98%         6
 Monstrous Menagerie      Summ           2%         N/A       100%        7


Dungeon Overview and Level Annotations

Branches:
Dungeon (5/15)
 Temple: D:4-7

Altars:
Ashenzari
Dithmenos
Okawaru
Sif Muna
Trog


Innate Abilities, Weirdness & Mutations

You are too large for most types of armour.
You have a pair of small horns on your head.
You have tough skin. (AC +1)
You gain doubled healing and magic from potions.
Whenever you drink a healing potion, you attack all around you.


Message History

You feel a surge of power!
Flames lash the gnoll bouda.
You kill the gnoll bouda!
Sif Muna accepts your kill.
The centaur unwields a +0 shortbow.
The centaur hits you but does no damage.
The centaur closely misses you.
Unknown command.
Unknown command.
Casting: Scorch (safe; 1% risk of failure)
Confirm with . or Enter, or press ? or * to list all spells.
Okay, then.
Casting: Scorch (safe; 1% risk of failure)
Confirm with . or Enter, or press ? or * to list all spells.
Casting: Flame Wave (dangerous; 21% risk of failure)
Press: ? - help, Dir - look around, f - activate You feel a surge of power!
You miscast Flame Wave.
You are very lightly contaminated with residual magic.
You are blasted with fire.
You resist.
* * * LOW HITPOINT WARNING * * *
* * * LOW MAGIC WARNING * * *
The gnoll hits you with a +2 whip of draining!
* * * LOW HITPOINT WARNING * * *
You feel drained.
The howler monkey hoots and howls with incredible vigour!
The centaur closely misses you. x2; The gnoll closely misses you.
You hear a shout!
You hear a bark!
You hear a shout! x3
Unknown command.
Okay, then.
Casting: Flame Wave (dangerous; 21% risk of failure)
Confirm with . or Enter, or press ? or * to list all spells.
You feel a surge of power!
Flames lash the howler monkey.
The howler monkey is almost dead.
The howler monkey's fire resistance burns away.
* * * LOW MAGIC WARNING * * *
The gnoll hits you with a +2 whip of draining.
* * * LOW HITPOINT WARNING * * *
You feel drained.
* * * LOW HITPOINT WARNING * * *
The centaur hits you.
You die...

..####........##....##...##
.## ..............###...##
.# .####+###....###..)..##
## . #..P..###).##.......#
. ..P⌠.P.....##..#.#..# .
.......#...##.......#
_._._#...###..._...#
.#..#....###.......#
..#.....@.##..#.#..#
#......gc.##.......#
#.#.....g.###.....##
#.......h).###...##
............######
.........)...#
...#...........
..#.....##..##.. #......
... #


You could see a centaur, a howler monkey (catching breath, combustible) and 2
gnolls.

Vanquished Creatures
  2 black bears
  An ogre (D:5)
  A phantom (D:5)
  Blork the orc (D:5)
  A scorpion (D:3)
  A bombardier beetle (D:4)
  2 hounds (D:4)
  A jelly (D:4)
  An orc priest (D:4)
  2 gnoll boudas
  Natasha (thrice) (D:3)
  An orc wizard (D:4)
  Ijyb (D:3)
  8 gnolls
  7 adders
  2 dart slugs
  10 orcs
  An endoplasm (D:3)
  3 giant cockroaches
  11 goblins
  5 hobgoblins
  4 jackals (D:1)
  2 kobolds (D:1)
  3 quokkas
  3 ball pythons
  7 bats
  4 frilled lizards
  4 rats
92 creatures vanquished.

Vanquished Creatures (others)
  294 foxfires
294 creatures vanquished.

Grand Total: 386 creatures vanquished

Notes
Turn   | Place    | Note
-------+----------+-------------------------------------------
     0 | D:1      | lunkers the Oni Fire Elementalist began the quest for the
                  | Orb.
     0 | D:1      | Reached XP level 1. HP: 16/16 MP: 3/3
    78 | D:1      | Reached skill level 3 in Fire Magic
    85 | D:1      | Reached XP level 2. HP: 14/24 MP: 0/5
   367 | D:1      | Learned a level 2 spell: Scorch
   844 | D:2      | Reached XP level 3. HP: 31/31 MP: 2/7
  1662 | D:2      | Found a faded altar of an unknown god.
  1678 | D:2      | Reached XP level 4. HP: 39/39 MP: 5/9
  1787 | D:2      | Reached skill level 4 in Fire Magic
  2199 | D:2      | Learned a level 4 spell: Flame Wave
  2219 | D:3      | Noticed Natasha
  2225 | D:3      | Killed Natasha
  2240 | D:3      | Noticed Natasha
  2251 | D:3      | Killed Natasha
  2252 | D:3      | Reached XP level 5. HP: 25/45 MP: 2/10
  2494 | D:3      | Noticed Ijyb
  2497 | D:3      | Killed Ijyb
  3109 | D:3      | Noticed Natasha
  3113 | D:3      | Killed Natasha
  3114 | D:3      | Reached skill level 5 in Fire Magic
  3362 | D:3      | Identified a scroll of acquirement
  3362 | D:3      | Acquired 454 gold pieces
  3399 | D:4      | Found an iron altar of Okawaru.
  3423 | D:4      | Reached XP level 6. HP: 53/53 MP: 8/12
  3476 | D:4      | Noticed a black bear
  3695 | D:4      | Killed a black bear
  3696 | D:4      | Reached skill level 5 in Spellcasting
  3785 | D:4      | Reached skill level 6 in Fire Magic
  3785 | D:4      | Reached XP level 7. HP: 59/59 MP: 7/14
  4679 | D:5      | Entered Level 5 of the Dungeon
  4679 | D:5      | Noticed Blork the orc
  4682 | D:5      | Killed Blork the orc
  4691 | D:5      | Reached skill level 7 in Fire Magic
  4691 | D:5      | Reached XP level 8. HP: 54/67 MP: 0/17
  4922 | D:5      | Found a shimmering blue altar of Sif Muna.
  4949 | D:5      | Found a shadowy altar of Dithmenos.
  4949 | D:5      | Found a bloodstained altar of Trog.
  4973 | D:5      | Became a worshipper of Sif Muna the Loreminder
  5009 | D:5      | Found a broken altar of Ashenzari.
  5033 | D:5      | HP: 3/63 [gnoll/+2 whip of draining[a gnoll bouda] (3)]
  5033 | D:5      | Slain by a centaur

Illustrated notes

Levels and vault maps discovered:
D:1:      ncdulo_smallfort, layout_rooms
D:2:      layout_basic, shapermc_ecumenical_altar_mp_highgroup
D:3:      layout_loops_corners, nicolae_houndstooth_variations, uniq_ijyb,
          uniq_natasha
D:4:      layout_gridville, okawaru_trees_2
D:5:      layout_cave_pools, gammafunk_temple_overflow_forgotten,
          hellmonk_sif_muna_bookshelves, serial_shops,
          nicolae_shop_advertising_works [nicolae_subvault_shop_adworks],
          nicolae_shop_statue_plus, nicolae_shop_tiny_real_fake_doors,
          dk_vineyard_2, uniq_pikel, uniq_blork_the_orc, uniq_duvessa

Skill      XL: |  1  2  3  4  5  6  7 |
---------------+----------------------+-----
Fire Magic     | 3 4 5 6 7 |  7.4
Spellcasting   | 3 4 5 6 |  6.3
Dodging        | |  1.7
Stealth        | |  1.4
Conjurations   | |  0.8

Action                     |  1- 3 |  4- 6 |  7- 9 || total
---------------------------+-------+-------+-------++-------
  Melee: Unarmed           |    16 |       |       ||    16
         Headbutt          |     1 |     1 |     2 ||     4
         Short sword       |     5 |     1 |       ||     6
         Staff             |       |    10 |     7 ||    17
   Cast: Foxfire           |    58 |    53 |    73 ||   184
         Scorch            |    11 |    19 |    12 ||    42
    Use: Potion            |     1 |       |       ||     1
         Scroll            |       |     7 |     1 ||     8
   Stab: Sleeping          |     1 |       |       ||     1
 Armour: Robe              |    20 |    22 |    20 ||    62
  Dodge: Dodged            |    21 |    15 |    15 ||    51

Table legend: (Time is in decaauts)
 A = Elapsed time spent in this place.
 B = Non-inter-level travel time spent in this place.
 C = Inter-level travel time spent in this place.
 D = Time resting spent in this place.
 E = Time spent auto-exploring this place.
 F = Levels seen in this place.
 G = Mean time per level.
                   A        B        C        D        E       F      G
               +--------+--------+--------+--------+--------+-----+--------+
         Total |   5034 |   4912 |    122 |     40 |   4173 |   5 | 1006.8 |
       Dungeon |   5034 |   4912 |    122 |     40 |   4173 |   5 | 1006.8 |
               +--------+--------+--------+--------+--------+-----+--------+

Top non-repeatable levels by time:
     D:2: 1380 daAuts
     D:3: 1287 daAuts
     D:4: 1182 daAuts
     D:1: 830 daAuts
     D:5: 354 daAuts
